 Dungeon Crawl Stone Soup version 0.32-a0-685-g93135e86f0 (webtiles) character file.

Game seed: 2972367173176851722

228 ytrimaz the Ruffian (level 6, -2/38 HPs)
             Began as an Octopode Shapeshifter on Mar 12, 2024.
             Slain by a scorpion (5 damage)
             ... on level 4 of the Dungeon.
             The game lasted 00:01:44 (2490 turns).

ytrimaz the Ruffian (Octopode Shapeshifter)         Turns: 2490, Time: 00:01:44

Health: -2/38      AC:  5    Str: 14    XL:     6   Next: 2%
Magic:  6/6        EV: 13    Int: 14    God:
Gold:   117        SH:  0    Dex: 11    Spells: 5/5 levels left

rFire   . .          .
                       - Unarmed
rCold   . . .        (no shield)
rNeg    . . .        (helmet currently unavailable)
rPois   .            (no amulet)
rElec   .            e - +4 ring of protection
rCorr   .            k - ring of see invisible
SInv    +            (no ring)
Will    +....        (no ring)
Stlth   ++           (no ring)
HPRegen 0.26/turn    (no ring)
MPRegen 0.10/turn    (no ring)
                     (no ring)

%: no passive effects
@: lethally poisoned (-2 -> -16), beast-form, enlightened, flying
A: beast (slay +1), almost no armour, amphibious, 8 rings, camouflage 1,
gelatinous body 1, (nimble swimmer 1), tentacles
a: Begin Untransformation


You were on level 4 of the Dungeon.
You were a hulking beast.
You visited 1 branch of the dungeon, and saw 4 of its levels.

You collected 117 gold pieces.


Innate Abilities, Weirdness & Mutations

You are a hulking beast.
Your limbs bulge with bestial killing power. (Slay +1)
You cannot wear most types of armour.
You are amphibious.
You can wear up to eight rings at the same time.
Your skin changes colour to match your surroundings (Stealth+).
Your rubbery body absorbs attacks. (AC +1, EV +1)
((You are camouflaged when in or above water. (Stealth+)))
You have tentacles for arms and can constrict up to eight enemies at once.


   Skills:
 - Level 1.0 Fighting
 - Level 2.0 Dodging
 + Level 6.5 Unarmed Combat
 - Level 3.0 Shapeshifting


You had 5 spell levels left.
You didn't know any spells.
Your spell library contained the following spells:

 Spells                   Type           Power      Damage    Failure   Level
 Inner Flame              Hex/Fire       0%         N/A       65%         3
 Flame Wave               Conj/Fire      0%         2d4       96%         4
 Sticky Flame             Fire/Alch      0%         2d4       96%         4

Inventory:

Jewellery
 e - a +4 ring of protection (left tentacle)
   (You found it on level 1 of the Dungeon)
 k - a ring of see invisible (right tentacle)
   (You found it on level 2 of the Dungeon)
Talismans
 b - a beast talisman (active)
 c - a flux talisman
Scrolls
 g - 2 scrolls of poison
 m - a scroll of enchant armour {unknown}
 n - a scroll of enchant weapon
 o - a scroll of immolation {unknown}
Potions
 a - 3 potions of lignification
 d - 2 potions of might
 f - a potion of enlightenment
 h - a potion of cancellation {unknown}
 i - a potion of attraction {unknown}
 j - a potion of curing {unknown}
 l - a potion of brilliance {unknown}

Dungeon Overview and Level Annotations

Branches:
Dungeon (4/15) Zot: 21519
 Temple: D:4-7

Altars:
Kikubaaqudgha
Nemelex Xobeh
Qazlal
Trog
Wu Jian
Xom
Yredelemnul

Shops:
D:1

! ... .....§§§§...
....≈≈≈§≈≈≈.....# ..PP
###..≈≈≈§≈§......###..PPP
....≈§_§.§.ß......#.....
#..≈§≈§≈≈§.§...........
..#...§≈≈§≈§≈.......#...
......§....§)§#$.....##..
.....#......#...Bs.......
#......<......(.h........
#...........#...S........
###.##......#..)........#
# #>.........#.......).
#....!.....#.>...$..#
#.........##........#
..........#..........
.........|.##.........
♣♣.♣♣.......###.......


You could see a scorpion, an adder and a giant cockroach.


Message History

You kill the scorpion!
Ijyb zaps a wand.
The roots erupt in riotous growth!
The grasping roots grab you! The grasping roots constrict you.
You hear an angry hiss.
You hear a shout!
You hear an angry hiss.
Your Unarmed Combat skill increases to level 6! 😕 HP[-3]
You take 3 damage, and now have 25/33 hp.
The roots' grasp on you weakens, but your attempt to escape fails.
The grasping roots constrict you. 😮 HP[-1]
You take 1 damage, and now have 24/33 hp.
Unknown command.
The roots' grasp on you weakens, but your attempt to escape fails.
The grasping roots constrict you. 😮 HP[-2]
You take 2 damage, and now have 22/33 hp.
Unknown command.
You escape the roots' grasp.
Ijyb screams, "It's all mine!"
A hobgoblin comes into view.
You are too injured to fight recklessly!
You closely miss Ijyb. You grab Ijyb. You constrict Ijyb.
Ijyb hits you but does no damage.
The +0 spectral club hits you but does no damage.
A +0 spectral club comes into view.
Unknown command.
You tentacle-slap Ijyb. You constrict Ijyb.
Ijyb hits you with a +0 spectral club. The +0 spectral club hits you. 😮 HP[-4]
You take 4 damage, and now have 18/33 hp.
Unknown command.
You tentacle-slap Ijyb but do no damage.
You constrict Ijyb. Ijyb hits you with a +0 spectral club.
* * * LOW HITPOINT WARNING * * *
The +0 spectral club hits you but does no damage. 😨 HP[-2]
You take 2 damage, and now have 16/33 hp.
You tentacle-slap Ijyb. You squeeze Ijyb!
You kill Ijyb!
The +0 spectral club disappears.
You have reached level 6! 😨 HP[+2] MP[+1]
You now have 38 max hp (+5).
You regained 2 hp, and now have 18/38 hp.
Your mp is fully restored (6).
Items here: ) / [ †. 😨 HP[+1] Unknown command.
A scorpion comes into view.
The scorpion moves out of view.
You are too injured to fight recklessly!
A giant cockroach comes into view.
The hobgoblin misses you.
Unknown command.
You are too injured to fight recklessly!
Unknown command.
You are too injured to fight recklessly!
You tentacle-slap the hobgoblin.
You kill the hobgoblin!
An adder comes into view.
A ball python comes into view. 😮 HP[+1] Unknown command.
The adder hisses angrily.
The scorpion closely misses you.
Unknown command.
You tentacle-slap the scorpion but do no damage.
You grab the scorpion. You constrict the scorpion. The scorpion stings you.
* * * LOW HITPOINT WARNING * * *
You are poisoned.
The scorpion poisons you! 😨 HP[-1]
You take 1 damage, and now have 19/38 hp.
You tentacle-slap the scorpion but do no damage.
You tentacle-slap the scorpion. You squeeze the scorpion.
You constrict the scorpion, but do no damage.
You feel very sick. The scorpion stings you.
* * * LOW HITPOINT WARNING * * *
You are lethally poisoned!
The scorpion poisons you!
You tentacle-slap the scorpion. You squeeze the scorpion.
You constrict the scorpion.
* * * LOW HITPOINT WARNING * * *
You feel very sick. The scorpion closely misses you.
The giant cockroach closely misses you.
The scorpion barely misses you. 😱 HP[-12]
You take 12 damage, and now have 7/38 hp.
MASSIVE DAMAGE!! (PAUSE) It was a potion of enlightenment.
You feel very buoyant.
You fly up into the air.
You constrict the scorpion.
* * * LOW HITPOINT WARNING * * *
You feel very sick. The adder misses you.
The giant cockroach bites you but does no damage.
The scorpion stings you.
You die...

Skill      XL: |  1  2  3  4  5 |
---------------+----------------+-----
Unarmed Combat | 4 5 6 |  6.5
Fighting       | |  1.0
Dodging        | |  2.0
Shapeshifting  | |  3.0

Action                     |  1- 3 |  4- 6 || total
---------------------------+-------+-------++-------
  Melee: Unarmed           |    40 |    53 ||    93
         Constrict         |    11 |    13 ||    24
         Punch             |     3 |     2 ||     5
         Tentacles         |     6 |    15 ||    21
    Use: Scroll            |       |     3 ||     3
         Potion            |       |     1 ||     1
   Stab: Sleeping          |     5 |     8 ||    13
 Armour: Skin              |    11 |    29 ||    40
  Dodge: Dodged            |    17 |    28 ||    45

Levels and vault maps discovered:
D:1:      amcnicky_arrival_blooded_trapdoor, layout_basic, serial_shops, shop
D:2:      layout_basic
D:3:      layout_loops_cross, mainiacjoe_overflow_tiny_flanked,
          grunt_temple_overflow_cloverleaf, nemelex_xobeh_ov_fountains_minmay,
          basic_ecumenical_altar, uniq_jessica
D:4:      layout_cave_pools, lemuel_tele_altar, mainiacjoe_overflow_chevrons,
          mainiacjoe_overflow_catwalk, serial_forest,
          infiniplex_forest_straight_1, infiniplex_forest_straight_5,
          infiniplex_forest_end_double, infiniplex_forest_clump_diagonal,
          infiniplex_forest_3_way, infiniplex_forest_zigzag_1,
          infiniplex_forest_clump_long, infiniplex_forest_lined_3,
          minmay_misc_feat_iff, uniq_ijyb, uniq_natasha

Notes
Turn   | Place    | Note
-------+----------+-------------------------------------------
     0 | D:1      | ytrimaz the Octopode Shapeshifter began the quest for the
                  | Orb.
     0 | D:1      | Reached XP level 1. HP: 13/13 MP: 1/1
     0 | D:1      | magus.rc [v1.9.6]
   129 | D:1      | You pick up a book of Flames and begin reading...
   129 | D:1      | You add the spells Inner Flame, Sticky Flame and Flame Wave
                  | to your library.
   228 | D:1      | Reached XP level 2. HP: 17/18 MP: 2/2
   395 | D:1      | Found Mifuav's Distillery.
  1044 | D:2      | Reached skill level 4 in Unarmed Combat
  1060 | D:2      | Reached XP level 3. HP: 23/23 MP: 3/3
  1139 | D:2      | Reached XP level 4. HP: 28/28 MP: 4/4
  1681 | D:2      | Reached skill level 5 in Unarmed Combat
  2088 | D:3      | Found a bloodstained altar of Trog.
  2128 | D:3      | Found a stormy altar of Qazlal.
  2131 | D:3      | Found an ornate altar of the Wu Jian Council.
  2146 | D:3      | Found a basalt altar of Yredelemnul.
  2179 | D:3      | Found an ancient bone altar of Kikubaaqudgha.
  2324 | D:3      | Found a faded altar of an unknown god.
  2399 | D:3      | Found a sparkling altar of Nemelex Xobeh.
  2408 | D:3      | Noticed Jessica
  2413 | D:3      | Killed Jessica
  2414 | D:3      | Reached XP level 5. HP: 33/33 MP: 5/5
  2461 | D:4      | Found a shimmering altar of Xom.
  2469 | D:4      | Noticed Ijyb
  2473 | D:4      | Reached skill level 6 in Unarmed Combat
  2479 | D:4      | Killed Ijyb
  2480 | D:4      | Reached XP level 6. HP: 18/38 MP: 6/6
  2489 | D:4      | HP: 7/38 [poisoned by a scorpion]
  2490 | D:4      | HP: 3/38 [poisoned by a scorpion]
  2490 | D:4      | Slain by a scorpion

Vanquished Creatures
  A scorpion (D:4)
  A bombardier beetle (D:2)
  Jessica (D:3)
  Ijyb (D:4)
  2 adders (D:3)
  2 dart slugs
  3 ribbon worms
  5 orcs (D:3)
  3 ball pythons
  6 endoplasms
  A giant cockroach (D:1)
  2 goblins
  6 hobgoblins
  4 jackals (D:2)
  5 kobolds (D:1)
  2 bats
  4 frilled lizards
  4 rats
53 creatures vanquished.

Table legend:
 A = Non-vault XP
 B = Vault XP
 C = Vault XP percentage of total XP
 D = Non-vault monster count
 E = Vault monster count
 F = Vault count percentage of total count
                 A         B        C        D         E       F
            +---------+---------+-------+---------+---------+-------
      Total |     253 |      73 |  22.4 |      51 |       2 |   3.8
            +---------+---------+-------+---------+---------+-------
        D:1 |      28 |       0 |   0.0 |      16 |       0 |   0.0
        D:2 |      74 |       0 |   0.0 |      16 |       0 |   0.0
        D:3 |      60 |      37 |  38.1 |      16 |       1 |   5.9
        D:4 |      91 |      36 |  28.3 |       3 |       1 |  25.0
            +---------+---------+-------+---------+---------+-------

Skill      XL: |  1  2  3  4  5 |
---------------+----------------+-----
Unarmed Combat | 4 5 6 |  6.5
Fighting       | |  1.0
Dodging        | |  2.0
Shapeshifting  | |  3.0

Action                     |  1- 3 |  4- 6 || total
---------------------------+-------+-------++-------
  Melee: Unarmed           |    40 |    53 ||    93
         Constrict         |    11 |    13 ||    24
         Punch             |     3 |     2 ||     5
         Tentacles         |     6 |    15 ||    21
    Use: Scroll            |       |     3 ||     3
         Potion            |       |     1 ||     1
   Stab: Sleeping          |     5 |     8 ||    13
 Armour: Skin              |    11 |    29 ||    40
  Dodge: Dodged            |    17 |    28 ||    45

Illustrated notes

Table legend:
 A = Kills in this place as a percentage of kills in the entire game.
 B = Kills by you in this place as a percentage of kills by you in the entire game.
 C = Kills by friends in this place as a percentage of kills by friends in the entire game.
 D = Other kills in this place as a percentage of other kills in the entire game.
 E = Experience gained in this place as a percentage of experience gained in the entire game.
 F = Experience gained in this place divided by the number of levels of this place that you have seen.
                   A       B       C       D       E      F
               +-------+-------+-------+-------+-------+----------------------
         Total | 100.0 | 100.0 |   N/A |   N/A | 100.0 |  81.5
       Dungeon | 100.0 | 100.0 |   N/A |   N/A | 100.0 |  81.5
               +-------+-------+-------+-------+-------+----------------------

Table legend: (Time is in decaauts)
 A = Elapsed time spent in this place.
 B = Non-inter-level travel time spent in this place.
 C = Inter-level travel time spent in this place.
 D = Time resting spent in this place.
 E = Time spent auto-exploring this place.
 F = Levels seen in this place.
 G = Mean time per level.
                   A        B        C        D        E       F      G
               +--------+--------+--------+--------+--------+-----+--------+
         Total |   2480 |   2425 |     55 |    100 |   1969 |   4 |  620.0 |
       Dungeon |   2480 |   2425 |     55 |    100 |   1969 |   4 |  620.0 |
               +--------+--------+--------+--------+--------+-----+--------+

Top non-repeatable levels by time:
     D:1: 987 daAuts
     D:2: 832 daAuts
     D:3: 633 daAuts
     D:4: 27 daAuts
